 Dungeon Crawl Stone Soup version 0.29-a0-80-g3050e97935 (webtiles) character file.

Game seed: 4857062788121321078

61 Gargoyl the Skirmisher (level 4, -5/40 HPs)
             Began as a Ghoul Abyssal Knight on Feb 4, 2022.
             Was a Follower of Lugonu.
             Slain by a gnoll (10 damage)
             ... on level 2 of the Dungeon.
             The game lasted 00:01:47 (1801 turns).

Gargoyl the Skirmisher (Ghoul Abyssal Knight)       Turns: 1801, Time: 00:01:47

Health: -5/40      AC:  3    Str: 18      XL:     4   Next: 7%
Magic:  4/4        EV: 11    Int:  4 (5)  God:    Lugonu [*.....]
Gold:   74         SH:  0    Dex:  6 (9)  Spells: 3/3 levels left

rFire   . . .      SeeInvis .   h - +2 short sword (venom)
rCold   + . .      Faith    .   (no shield)
rNeg    + + +      Spirit   .   b - +0 leather armour
rPois   ∞          Reflect  .   (no helmet)
rElec   .          Harm     .   (no cloak)
rCorr   .          Rampage  .   (no gloves)
Will    .....                   (no boots)
Stlth   +.........              (no amulet)
HPRegen 0.00/turn               (no ring)
MPRegen 0.09/turn               (no ring)

@: inhibited regen
A: claws 1, cold resistance 1, negative energy resistance 3, inhibited
regeneration, torment resistance 2
a: Renounce Religion, Depart the Abyss


You were on level 2 of the Dungeon.
You worshipped Lugonu.
Lugonu was aware of your devotion.
You visited 1 branch of the dungeon, and saw 3 of its levels.
You visited the Abyss 1 time.

You collected 74 gold pieces.

Inventory:

Hand Weapons
 a - a +1 hand axe
 h - a +2 short sword of venom (weapon)
Armour
 b - a +0 leather armour (worn)
Scrolls
 c - a scroll of vulnerability {unknown}
 d - 2 scrolls of identify
Potions
 g - a potion of haste


   Skills:
 + Level 4.2 Fighting
 + Level 0.1 Short Blades
 + Level 2.4 Axes
 + Level 2.3 Armour
 + Level 1.1 Dodging
 + Level 2.1 Invocations


You had 3 spell levels left.
You didn't know any spells.
Your spell library contained the following spells:

 Spells                   Type           Power      Damage    Failure   Level
 Ensorcelled Hibernation  Hex/Ice        0%         N/A       71%         2
 Tukima's Dance           Hex            0%         N/A       90%         3
 Anguish                  Hex/Necr       0%         N/A       100%        4
 Passage of Golubria      Tloc           0%         N/A       100%        4
 Yara's Violent Unravell  Hex/Tmut       0%         3d3       100%        5
 Spider Form              Tmut/Pois      Unusable   N/A       N/A         3

Dungeon Overview and Level Annotations

Branches:
Dungeon (3/15)

Altars:


Innate Abilities, Weirdness & Mutations

You thrive by killing the living.
You are immune to poison.
You have sharp fingernails.
Your flesh is cold resistant. (rC+)
You are immune to negative energy. (rN+++)
You do not regenerate when monsters are visible.
You are immune to unholy pain and torment.


Message History

Found a scroll labelled LAZUCK YREU.
You see here a rat corpse.
c - a scroll labelled LAZUCK YREU You pick up Great Wizards, Vol.
VII and begin reading...
You add the spells Tukima's Dance, Passage of Golubria and Yara's Violent Unravelling to your library.
You now have 74 gold pieces (gained 7).
There is a stone staircase leading up here.
There is a stone staircase leading up here.
The gnoll shouts!
You hear a shout!
A gnoll is nearby!
A gnoll is nearby!
You closely miss the gnoll. The gnoll hits you with a +0 club.
You hit the gnoll but do no damage.
The gnoll is poisoned.
A gnoll comes into view. It is wielding a +0 spear.
The gnoll hits you with a +0 club.
You hit the gnoll.
The gnoll looks as sick as possible!
The gnoll is moderately wounded.
The gnoll hits you with a +0 club.
You barely miss the gnoll.
The gnoll is moderately wounded.
The gnoll barely misses you. The gnoll hits you but does no damage.
The gnoll hits you but does no damage.
You kill the gnoll!
Lugonu accepts your kill.
You feel your strength returning.
You have reached level 4!
You see here a rat corpse.
There is a stone staircase leading up here.
The gnoll hits you from afar with a +0 spear.
There is a stone staircase leading up here.
There is a stone staircase leading up here.
You closely miss the gnoll. The gnoll misses you.
The gnoll hits you with a +0 club! The gnoll closely misses you.
You completely miss the gnoll. The gnoll hits you with a +0 club.
* * * LOW HITPOINT WARNING * * *
The gnoll hits you with a +0 spear!
* * * LOW HITPOINT WARNING * * *
You barely miss the gnoll. The gnoll closely misses you.
The gnoll hits you with a +0 spear!
You die...

##.#
#......#..#................
#.#
#......#..#.#..#......)....
#.#
#......#..#.#..#######.....
#.# ###............# #..)##
##.# ####......#.## #...#
...#### #.....).##.# #...#
......# #g..g...##.#
........# )####.#
#†#####.##.# #####..S#
.####.####.##..g@...# #...#
..............##g#### ..#.#
.####.####.#####.# .....#
......# #.......# ......#
####### #.......# ......S.
#########


You could see 2 gnolls.

Vanquished Creatures
  2 gnolls (D:2)
  A worm (D:2)
  A dart slug (D:1)
  4 ball pythons
  2 endoplasms (D:1)
  A goblin (D:1)
  2 hobgoblins (D:1)
  4 jackals (D:2)
  6 kobolds
  6 quokkas
  2 bats
  3 rats
34 creatures vanquished.

Notes
Turn   | Place    | Note
-------+----------+-------------------------------------------
     0 | Abyss:1  | Gargoyl the Ghoul Abyssal Knight began the quest for the
                  | Orb.
     0 | Abyss:1  | Reached XP level 1. HP: 19/19 MP: 1/1
     0 | D:1      | Escaped the Abyss
   157 | D:1      | Reached * piety under Lugonu
   318 | D:1      | Reached XP level 2. HP: 27/27 MP: 2/2
   693 | D:1      | Reached XP level 3. HP: 14/33 MP: 3/3
  1353 | D:2      | Reached skill level 1 in Dodging
  1426 | D:2      | Reached skill level 4 in Fighting
  1784 | D:2      | Reached XP level 4. HP: 27/40 MP: 4/4
  1801 | D:2      | Slain by a gnoll

Illustrated notes

Levels and vault maps discovered:
D:1:      dpeg_arrival_round_c, layout_basic, minmay_pentomino_o2
D:2:      layout_loops_cross, hellmonk_ecumenical_altar_inner_sanctum
D:3:      layout_basic, kennysheep_jessica_study

Skill      XL: |  1  2  3 |
---------------+----------+-----
Armour         | 2 |  2.3
Axes           | 2 |  2.4
Dodging        | 1 |  1.1
Fighting       | 4 |  4.2
Short Blades   | |  0.1
Invocations    | |  2.1

Action                   |  1- 3 |  4- 6 || total
-------------------------+-------+-------++-------
Melee: Hand axe          |    52 |       ||    52
       Short sword       |    46 |     3 ||    49
Invok: Depart the Abyss  |     1 |       ||     1
  Use: Scroll            |     4 |       ||     4
       Potion            |     2 |       ||     2
Armor: Leather armour    |    37 |       ||    37
Dodge: Dodged            |    89 |     3 ||    92

Table legend: (Time is in decaauts)
 A = Elapsed time spent in this place.
 B = Non-inter-level travel time spent in this place.
 C = Inter-level travel time spent in this place.
 D = Time resting spent in this place.
 E = Time spent auto-exploring this place.
 F = Levels seen in this place.
 G = Mean time per level.
                   A        B        C        D        E       F      G
               +--------+--------+--------+--------+--------+-----+--------+
         Total |   1815 |   1805 |     10 |    148 |   1350 |   4 |  453.8 |
       Dungeon |   1815 |   1805 |     10 |    148 |   1350 |   3 |  605.0 |
         Abyss |      0 |      0 |      0 |      0 |      0 |   1 |    0.0 |
               +--------+--------+--------+--------+--------+-----+--------+

Top non-repeatable levels by time:
     D:1: 1208 daAuts
     D:2: 397 daAuts
     D:3: 210 daAuts
